 Dungeon Sprint DCSS version 0.20.1-1-g8b1a95d (webtiles) character file.

952 Fang the Fighter (level 8, -7/90 HPs)
             Began as a Gargoyle Berserker on Oct 19, 2018.
             Was a High Priest of Trog.
             Mangled by a catoblepas (26 damage)
             ... in the Dungeon (Sprint VII: "The Pits").
             The game lasted 00:01:36 (957 turns).

Fang the Fighter (Gargoyle Berserker)                Turns: 957, Time: 00:01:37

Health: -7/90      AC: 18    Str: 28    XL:     8   Next: 14%
Magic:  8/8        EV: 11    Int:  8    God:    Trog [*****.]
Gold:   0          SH:  0    Dex:  9    Spells: 7/7 levels left

rFire    . . .     SeeInvis .   o - +2 hand axe (chop)
rCold    . . .     Gourm    .   (no shield)
rNeg     + . .     Faith    .   p - +3 chain mail
rPois    ∞         Spirit   .   (no helmet)
rElec    +         Reflect  .   (no cloak)
rCorr    .         Harm     .   (no gloves)
MR       .....     NoTele   +   (no boots)
Stlth    ..........             (no amulet)
Regen    0.3/turn               (no ring)
MPRegen  0.2/turn               (no ring)

@: berserking, very quick
A: negative energy resistance 1, electricity resistance, unbreathing,
petrification resistance, rot immunity, AC +5
a: Berserk, Trog's Hand, Brothers in Arms, Burn Spellbooks, Renounce Religion


You were in the Dungeon.
You worshipped Trog.
Trog was extremely pleased with you.
You were very hungry.

You visited 1 branch

Inventory:

Hand Weapons
 j - a +2 hand axe
 o - a +2 hand axe of chopping (weapon)
Armour
 b - a +0 animal skin
 p - a +3 chain mail (worn)
Scrolls
 i - a scroll of blinking
 k - 3 scrolls of remove curse
 l - a scroll of summoning
Potions
 a - 2 potions of invisibility
 d - 6 potions of curing
 e - 6 potions of heal wounds
 f - a potion of haste
 g - 4 potions of magic
 h - 3 potions of berserk rage
Comestibles
 c - 8 bread rations
 m - 40 fruits
 n - 7 meat rations
 q - 6 chunks of flesh


   Skills:
 + Level 11.4 Fighting
 + Level 10.8 Axes
 + Level 5.7 Armour
 + Level 5.3 Dodging
 + Level 2.1 Stealth


You had 7 spell levels left.
You didn't know any spells.

Dungeon Overview and Level Annotations

Branches:
Dungeon (1/1)

Altars:
Cheibriados
Dithmenos
Elyvilon
Fedhas
Gozag
Hepliaklqana
Makhleb
Nemelex Xobeh
Okawaru
Qazlal
Ru
Sif Muna
Trog
Vehumet
Xom
Yredelemnul
Zin
The Shining One
Beogh
Jiyva
Lugonu


Innate Abilities, Weirdness & Mutations

You are resistant to torment.
Your stone body is resilient. (AC +5)
You are immune to poison.
You resist negative energy. (rN+)
You are resistant to electric shocks. (rElec)
You can survive without breathing.
You are immune to petrification.
You are immune to rotting.


Message History

Unknown command.
You are too injured to fight recklessly!
You are too injured to fight recklessly!
You hit the catoblepas but do no damage.
The catoblepas is heavily wounded.
Unknown command.
You slash the catoblepas!
The catoblepas is heavily wounded.
The snapping turtle bites you but does no damage.
The catoblepas gores you!
Unknown command.
You completely miss the catoblepas.
The catoblepas is heavily wounded.
The snapping turtle bites you from afar!!
* * * LOW HITPOINT WARNING * * *
Unknown command.
You slash the catoblepas!
The catoblepas is severely wounded.
The catoblepas gores you!!
You die...

#.##'#....÷##...<...#
#.#......÷.##.......#
#.#........##.......#
#'###########.......#
#...o...# #########
#.###...# #####
#)#.....# ....#
#.#...#.#+#....#
#.)...#.#§@Y...+
#...###.#'#.t..#
#...)...†.#....#
################


You could see a catoblepas and a snapping turtle.

Vanquished Creatures
  A vampire mosquito (D)
  2 fire bats (D)
  Menkaure (D)
  A floating eye (D)
  An orc warrior (D)
  2 ogres (D)
  A quasit (D)
  An adder (D)
  A river rat (D)
  An ooze (D)
  A leopard gecko (D)
  3 orcs (D)
  A goblin (D)
  A hobgoblin (D)
  A ball python (D)
  A quokka zombie (D)
20 creatures vanquished.

Notes
Turn   | Place    | Note
-------+----------+-------------------------------------------
     0 | D        | Fang the Gargoyle Berserker began the quest for the Orb.
     0 | D        | Reached XP level 1. HP: 14/14 MP: 1/1
    27 | D        | Reached skill level 4 in Fighting
    27 | D        | Reached XP level 2. HP: 8/20 MP: 2/2
   218 | D        | Found a bloodstained altar of Trog.
   218 | D        | Found a deep blue altar of Sif Muna.
   218 | D        | Found a viscous altar of Jiyva.
   218 | D        | Found a hazy altar of Hepliaklqana.
   218 | D        | Found an opulent altar of Gozag.
   219 | D        | Found a glowing golden altar of the Shining One.
   219 | D        | Found a glowing silver altar of Zin.
   219 | D        | Found a basalt altar of Yredelemnul.
   219 | D        | Found a shimmering altar of Xom.
   219 | D        | Found a sacrificial altar of Ru.
   219 | D        | Found a stormy altar of Qazlal.
   219 | D        | Found an iron altar of Okawaru.
   219 | D        | Found a sparkling altar of Nemelex Xobeh.
   219 | D        | Found a burning altar of Makhleb.
   219 | D        | Found a blossoming altar of Fedhas.
   219 | D        | Found a white marble altar of Elyvilon.
   219 | D        | Found a shadowy altar of Dithmenos.
   219 | D        | Found a snail-covered altar of Cheibriados.
   221 | D        | Found a radiant altar of Vehumet.
   221 | D        | Found a corrupted altar of Lugonu.
   221 | D        | Found a roughly hewn altar of Beogh.
   263 | D        | Reached ** piety under Trog
   268 | D        | Noticed a floating eye
   270 | D        | Killed a floating eye
   270 | D        | Reached skill level 7 in Fighting
   270 | D        | Reached skill level 5 in Axes
   270 | D        | Reached XP level 3. HP: 28/28 MP: 3/3
   270 | D        | Reached XP level 4. HP: 34/34 MP: 4/4
   273 | D        | Reached XP level 5. HP: 38/38 MP: 5/5
   278 | D        | Noticed Menkaure
   283 | D        | Reached *** piety under Trog
   286 | D        | Killed Menkaure
   286 | D        | Reached skill level 8 in Fighting
   286 | D        | Reached XP level 6. HP: 19/45 MP: 6/6
   550 | D        | Noticed an orc warrior
   550 | D        | Noticed a fire bat
   557 | D        | Killed a fire bat
   557 | D        | Reached **** piety under Trog
   557 | D        | Reached skill level 9 in Fighting
   559 | D        | Noticed a fire bat
   563 | D        | Killed an orc warrior
   563 | D        | Reached skill level 10 in Fighting
   563 | D        | Reached skill level 1 in Stealth
   563 | D        | Reached XP level 7. HP: 52/52 MP: 7/7
   565 | D        | Reached skill level 5 in Armour
   568 | D        | Killed a fire bat
   568 | D        | Reached ***** piety under Trog
   568 | D        | Reached skill level 10 in Axes
   568 | D        | Reached skill level 5 in Dodging
   717 | D        | Reached skill level 11 in Fighting
   794 | D        | Noticed a vampire mosquito
   805 | D        | Killed a vampire mosquito
   805 | D        | Reached XP level 8. HP: 36/60 MP: 8/8
   945 | D        | Noticed a catoblepas
   946 | D        | Noticed a snapping turtle
   957 | D        | Mangled by a catoblepas

Skill      XL: |  1  2  3  4  5  6  7 |
---------------+----------------------+-----
Fighting       | 4 7 8 10 11 | 11.4
Axes           | 3 5 7 9 10 | 10.8
Dodging        | 3 4 5 |  5.3
Armour         | 3 4 5 |  5.7
Stealth        | 1 2 |  2.1

Action                   |  1- 3 |  4- 6 |  7- 9 || total
-------------------------+-------+-------+-------++-------
Melee: Hand axe          |    21 |    15 |    32 ||    68
Invok: Berserk           |       |     2 |     1 ||     3
 Stab: Petrified         |       |       |     1 ||     1
  Eat: Chunk             |       |       |     2 ||     2
Armor: Animal skin       |     6 |     5 |       ||    11
       Chain mail        |       |     6 |    11 ||    17
Dodge: Dodged            |    13 |    12 |    15 ||    40
